 Dungeon Crawl Stone Soup version 0.20.0-10-g0535bb4 (webtiles) character file.

450 MDvedh the Ruffian (level 6, 0/70 HPs)
             Began as a Demonspawn Berserker on June 3, 2017.
             Was a Priest of Trog.
             Splashed by Ijyb's acid (15 damage)
             ... on level 4 of the Dungeon.
             The game lasted 00:04:53 (2900 turns).

MDvedh the Ruffian (Demonspawn Berserker)           Turns: 2900, Time: 00:04:54

Health: 0/70       AC:  7    Str: 25    XL:     6   Next: 74%
Magic:  6/6        EV:  9    Int:  8    God:    Trog [***...]
Gold:   180        SH:  0    Dex: 12    Spells: 5/5 levels left

rFire    . . .     SeeInvis +     - Unarmed
rCold    + . .     Gourm    .   (no shield)
rNeg     . . .     Faith    .   n - +0 chain mail
rPois    +         Spirit   .   x - +2 helmet {SInv}
rElec    .         Reflect  .   (no cloak)
rCorr    .         Harm     .   (no gloves)
MR       .....                  (no boots)
Stlth    ..........             (no amulet)
Regen    0.3/turn               k - ring of poison resistance
MPRegen  0.1/turn               v - ring of protection from cold

@: berserking, corroded, very quick
A: claws 1, nightstalker 1, powered by death 1
a: Berserk, Trog's Hand, Burn Spellbooks, Renounce Religion


You were on level 4 of the Dungeon.
You worshipped Trog.
Trog was most pleased with you.
You were not hungry.

You visited 1 branch of the dungeon, and saw 4 of its levels.

You collected 180 gold pieces.

Inventory:

Hand Weapons
 a - a +0 hand axe
Armour
 n - a +0 chain mail (worn)
 x - a +2 helmet of see invisible (worn)
Jewellery
 k - a ring of poison resistance (left claw)
 v - a ring of protection from cold (right claw)
Wands
 q - a wand of flame (19/48)
Scrolls
 f - 2 scrolls of recharging {unknown}
 g - 2 scrolls of teleportation {unknown}
 h - 2 scrolls of remove curse {unknown}
 i - 2 scrolls of identify {unknown}
 l - 2 scrolls of fear {unknown}
 p - 2 scrolls of amnesia {unknown}
 r - a scroll of noise {unknown}
 t - a scroll of enchant armour {unknown}
Potions
 e - a potion of invisibility {unknown}
 j - a potion of experience {unknown}
 m - a potion of mutation {unknown}
 s - a potion of resistance {unknown}
Books
 b - a book of Minor Magic

   Spells                             Type                      Level
   a - Magic Dart                     Conjuration                  1
   b - Blink                          Translocation                2
   c - Call Imp                       Summoning                    2
   d - Slow                           Hexes                        2
   e - Conjure Flame                  Conjuration/Fire             3
   f - Mephitic Cloud                 Conjuration/Poison/Air       3
   Trog disapproves of the use of such an item.
Comestibles
 c - a bread ration
 d - 3 meat rations
 o - a fruit
 u - 2 chunks of flesh
 w - a royal jelly


   Skills:
 - Level 3.0 Fighting
 - Level 3.2 Axes
 - Level 1.7 Armour
 - Level 1.7 Dodging
 + Level 6.1 Unarmed Combat


You had 5 spell levels left.
You didn't know any spells.

Dungeon Overview and Level Annotations

Branches:
Dungeon (4/15)
 Temple: D:4-7

Altars:
Ashenzari
Gozag
Hepliaklqana
Kikubaaqudgha
Qazlal
Xom

Annotations:
D:4 Ijyb


Innate Abilities, Weirdness & Mutations

You have sharp fingernails.
You are slightly more attuned to the shadows.
You regenerate a little health from kills.


Message History

You completely miss the ogre.
The ogre is heavily wounded.
The ogre barely misses you.
You claw the ogre!
The ogre is almost dead.
Ijyb zaps a wand.
The bolt of acid hits you! The acid corrodes you!
You are splashed with acid!
The acid burns!
It is a wand of acid (?/15).
You are too injured to fight recklessly!
You are too injured to fight recklessly!
Your chain mail prevents you from hitting the ogre.
The ogre is almost dead.
You claw the ogre!
You kill the ogre!
Trog accepts your kill.
Your Unarmed Combat skill increases to level 6!
The frilled lizard bites you but does no damage.
Ijyb zaps a wand.
The bolt of acid hits you!
* * * LOW HITPOINT WARNING * * *
You are splashed with acid!
The acid burns!
You die...

#. .. #. #. #. ##
..###l################.
.....g@.........(.†....
..###################..
#.. #.. #.. #.. ######
..[... ......


You could see Ijyb and a frilled lizard.

Vanquished Creatures
  An ogre (D:4)
  A centaur (D:4)
  A howler monkey (D:4)
  2 hounds (D:4)
  A worker ant (D:4)
  A hound zombie (D:4)
  2 adders
  3 gnolls (D:3)
  2 oozes
  A worm (D:2)
  A dart slug (D:1)
  4 leopard geckos
  6 orcs
  A ball python (D:3)
  5 bats
  9 giant cockroaches
  7 goblins
  8 hobgoblins
  3 jackals (D:3)
  8 kobolds
  A quokka (D:2)
  6 frilled lizards
  4 rats
78 creatures vanquished.

Notes
Turn   | Place    | Note
-------+----------+-------------------------------------------
     0 | D:1      | MDvedh the Demonspawn Berserker began the quest for the Orb.
     0 | D:1      | Reached XP level 1. HP: 18/18 MP: 1/1
   288 | D:1      | Gained mutation: You have sharp fingernails. [demonic ancestry]
   288 | D:1      | Reached XP level 2. HP: 22/24 MP: 2/2
   725 | D:1      | Reached skill level 1 in Unarmed Combat
   816 | D:1      | Reached XP level 3. HP: 19/29 MP: 3/3
  1369 | D:2      | Reached skill level 2 in Unarmed Combat
  1403 | D:2      | Found an opulent altar of Gozag.
  1477 | D:2      | Found a faded altar of an unknown god.
  1674 | D:2      | Reached ** piety under Trog
  1901 | D:3      | Found a shimmering altar of Xom.
  1902 | D:3      | Found a hazy altar of Hepliaklqana.
  1902 | D:3      | Noticed a hell beast
  1903 | D:3      | Noticed a hell beast
  1903 | D:3      | Noticed a spectral ugly thing
  1930 | D:3      | Gained mutation: You regenerate a little health from kills. [demonic ancestry]
  1930 | D:3      | Reached XP level 4. HP: 35/35 MP: 4/4
  2009 | D:3      | Reached skill level 3 in Unarmed Combat
  2255 | D:3      | Found an opulent altar of Gozag.
  2256 | D:3      | Found a stormy altar of Qazlal.
  2438 | D:3      | Gained mutation: You are slightly more attuned to the shadows. [demonic ancestry]
  2438 | D:3      | Reached XP level 5. HP: 41/41 MP: 5/5
  2569 | D:4      | Reached skill level 4 in Unarmed Combat
  2581 | D:4      | Noticed a centaur
  2588 | D:4      | Killed a centaur
  2756 | D:4      | Reached skill level 5 in Unarmed Combat
  2772 | D:4      | Reached XP level 6. HP: 38/47 MP: 6/6
  2807 | D:4      | Found an ancient bone altar of Kikubaaqudgha.
  2807 | D:4      | Found a shattered altar of Ashenzari.
  2857 | D:4      | Reached *** piety under Trog
  2887 | D:4      | Noticed Ijyb
  2899 | D:4      | Reached skill level 6 in Unarmed Combat
  2900 | D:4      | Splashed by Ijyb's acid

Skill      XL: |  1  2  3  4  5  6 |
---------------+-------------------+-----
Axes           | 3 |  3.2
Unarmed Combat | 1 2 3 5 6 |  6.1
Fighting       | |  3.0
Armour         | |  1.7
Dodging        | |  1.7

Action                   |  1- 3 |  4- 6 || total
-------------------------+-------+-------++-------
Melee: Hand axe          |   126 |       ||   126
       Unarmed           |       |   148 ||   148
       Punch             |       |     1 ||     1
Invok: Berserk           |     1 |     4 ||     5
 Stab: Sleeping          |     1 |       ||     1
  Eat: Bread ration      |     1 |       ||     1
       Chunk             |       |     6 ||     6
Armor: Animal skin       |    11 |       ||    11
       Chain mail        |    31 |    82 ||   113
Dodge: Dodged            |    61 |    64 ||   125
